Map: Fracture LE

Players

MeatUS - Winner!

  • Race: Protoss Protoss
  • League: Silver
  • Spawn Location: 5:00

Edged

  • Race: Protoss Protoss
  • League: Gold
  • Spawn Location: 11:00

VOD

Have the link to the VOD?

Description

PvP Opening MeatUS

Time

  • Played on: Nov. 11, 2018, 10:04 a.m.
  • Length: 9:44
Show
View Real Time Build Order
Export as new Build Order

MeatUS Protoss - Winner!

Build Orders: Oracle Opening 

Get SALT Encoding   

  12  0:01  Probe  
  13  0:09  Probe  
  14  0:18  Pylon  
  14  0:19  Probe  
  15  0:29  Assimilator  
  15  0:36  Probe  
  16  0:48  Gateway  
  16  0:51  Probe  
  17  0:59  Probe  
  18  1:07  Probe  
  18  1:14  Assimilator  
  19  1:18  Probe  
  20  1:26  Pylon  
  20  1:45  Cybernetics Core  
  20  1:55  Probe  
  21  2:03  Probe  
  22  2:11  Probe  
  23  2:22  Stargate  
  23  2:27  Gateway  
  23  2:28  Gateway  
  23  2:31  Pylon  
  23  2:36  Shield Battery  
  23  2:42  Robotics Facility  
  23  2:44  Probe  
  24  2:48  Warp Gate  
  24  2:56  Probe, Oracle  
  25  3:11  Stalker  
  30  3:15  Stalker  
  30  3:18  Stalker  
  34  3:32  Pylon  
  34  3:34  Pylon  
  34  3:45  Immortal  
  38  4:22  Stalker  
  38  4:23  Stalker x2  
  44  4:28  Observer  
  45  4:39  Immortal  
  45  4:41  Shield Battery  
  45  4:45  Forge  
  45  4:52  Stalker  
  51  5:08  Stalker  
  51  5:09  Stalker  
  55  5:43  Nexus  
  55  5:52  Protoss Ground Weapons Level 1  
  55  5:56  Photon Cannon  
  52  6:07  Sentry  
  54  6:18  Shield Battery  
  54  6:23  Pylon  
  54  6:26  Pylon  
  54  6:27  Pylon  
  54  6:35  Immortal  
  54  6:43  Pylon  
  58  6:55  Pylon  
  58  6:57  Stalker x2  
  62  7:10  Oracle  
  65  7:28  Gateway  
  65  7:29  Gateway  
  65  7:46  Immortal  
  65  7:47  Oracle  
  72  7:51  Stalker x2  
  62  8:37  Nexus  
  62  9:00  Probe  
  63  9:04  Pylon  
  63  9:05  Pylon  
  63  9:12  Probe  
  64  9:18  Stalker  
  64  9:19  Stalker  
  68  9:24  Probe  
Show
View Real Time Build Order
Export as new Build Order

Edged Protoss 

Build Orders:  

Get SALT Encoding   

  12  0:01  Probe  
  13  0:13  Probe  
  14  0:23  Pylon  
  14  0:25  Probe  
  15  0:31  Assimilator  
  15  0:41  Probe  
  16  0:49  Probe  
  17  0:57  Probe  
  18  1:05  Gateway  
  18  1:07  Probe  
  18  1:10  Assimilator  
  19  1:19  Probe  
  20  1:31  Probe  
  21  1:39  Pylon  
  21  1:43  Probe  
  22  1:55  Probe  
  22  1:59  Cybernetics Core  
  23  2:06  Gateway  
  23  2:07  Probe  
  24  2:16  Warp Gate  
  24  2:20  Probe  
  24  2:21  Gateway  
  25  2:25  Gateway  
  25  2:38  Stalker  
  27  2:44  Pylon  
  27  2:58  Stalker  
  29  3:14  Stalker  
  29  3:15  Stalker x2  
  29  3:18  Gateway  
  35  3:22  Pylon  
  35  3:31  Stalker  
  37  3:46  Stalker  
  37  3:47  Stalker  
  41  3:51  Stalker  
  43  4:04  Stalker  
  40  4:53  Probe  
  41  5:00  Stalker  
  41  5:01  Probe, Stalker  
  41  5:06  Pylon  
  46  5:17  Pylon  
  46  5:26  Stalker  
  48  5:31  Stalker  
  50  5:39  Stalker  
  52  5:48  Stalker  
  54  5:57  Stalker  
  56  6:07  Probe  
  56  6:10  Pylon  
  56  6:16  Probe  
  54  6:52  Stalker  
  54  6:53  Stalker x3  
  60  6:54  Stalker  
  60  7:23  Probe  
  60  7:29  Twilight Council  
  61  7:35  Probe  
  62  7:45  Stalker  
  62  7:46  Stalker x3  
  32  8:19  Stalker x4  
  38  8:33  Stalker  
  40  9:04  Nexus  
  32  9:18  Shield Battery  
  32  9:21  Shield Battery  
  25  9:28  Probe  
Tags
 
Matchup
PvP
Spawn Locations
Cross Positions
Add a new tag
Caveats
  • Supply blocks, unpowered buildings, or Contaminate may cause inaccurate times.
  • Supply counts are checked every 10 seconds.